[Event "*** SCC Grand Prix: Titled Tuesday Blitz"]
[Site "Chess.com"]
[Date "2020.08.11"]
[Round "2"]
[White "louis198"]
[Black "tigra"]
[Result "0-1"]
[WhiteElo "2573"]
[BlackElo "2874"]
[TimeControl "180+1"]
[EndTime "10:17:56 PDT"]
[Termination "tigra won on time"]

1. d4 Nf6 2. Bf4 e6 3. e3 b6 4. h3 Bb7 5. Nf3 Bd6 6. Bxd6 cxd6 7. Nbd2 d5 8. a4 O-O 9. c3 Nc6 10. Bd3 d6 11. e4 Nb4 12. cxb4 dxe4 13. Be2 exf3 14.
Bxf3 Bxf3 15. Nxf3 Rc8 16. O-O Rc4 17. b5 Qc7 18. b3 Rc3 19. Nd2 Rd3 20. Rc1 Qb8 21. Qc2 Rxd4 22. Nf3 Rd5 23. b4 e5 24. Qc6 e4 25. Ne1 Re8 26. Rc3 Rd2 27. Nc2 d5 28. Na1 d4 0-1

[Event "*** SCC Grand Prix: Titled Tuesday Blitz"]
[Site "Chess.com"]
[Date "2020.08.11"]
[Round "2"]
[White "AlanZhang"]
[Black "djano"]
[Result "0-1"]
[WhiteElo "2184"]
[BlackElo "2413"]
[TimeControl "180+1"]
[EndTime "10:17:56 PDT"]
[Termination "djano won by checkmate"]

1. e4 b6 2. d4 Bb7 3. Nc3 g6 4. f3 Bg7 5. Be3 d6 6. Qd2 Nd7 7.
O-O-O c5 8. Nge2 Rc8 9. g4 a6 10. Kb1 b5 11. a3 b4 12. axb4 cxb4 13. Na2 a5 14. d5 Ne5 15. Nd4 Nc4 16. Bxc4 Rxc4 17.
b3 Rc8 18. Ne2 Qc7 19. Bd4 Bxd4 20. Nxd4 Nf6 21. h4 h5 22. g5 Nd7 23. f4 O-O 24.
Nc1 a4 25. Qxb4 Nc5 26. Rhe1 Ba6 27. Nc6 axb3 28. Nxb3 Rb8 29. Nxb8 Rxb8 30. Qa3 Bd3 31.
Ka2 Nxb3 32. cxb3 Qc2+ 33. Qb2 Ra8# 0-1

[Event "*** SCC Grand Prix: Titled Tuesday Blitz"]
[Site "Chess.com"]
[Date "2020.08.11"]
[Round "2"]
[White "narutosmith"]
[Black "GukeshDommaraju"]
[Result "0-1"]
[WhiteElo "2258"]
[BlackElo "2640"]
[TimeControl "180+1"]
[EndTime "10:17:57 PDT"]
[Termination "GukeshDommaraju won on time"]

1. c4 e6 2. Nf3 d5 3. g3 Nf6 4. Bg2 dxc4 5. Na3 Bxa3 6. bxa3 O-O 7. O-O b5 8. a4 a6 9. axb5 axb5 10. Bb2 Bb7 11. a4 b4 12. Qc2 Bd5 13. Ne5 Bxg2 14.
Kxg2 Qd5+ 15. Nf3 Nc6 16. Rfc1 Na5 17. Bxf6 gxf6 18. Qb2 e5 19. Qxb4 Nb3 20. d3 cxd3 21.
Qh4 e4 22. Qxf6 exf3+ 23. exf3 Nxc1 24. Rxc1 d2 25. Rd1 Rfd8 0-1

[Event "*** SCC Grand Prix: Titled Tuesday Blitz"]
[Site "Chess.com"]
[Date "2020.08.11"]
[Round "2"]
[White "UCantHandleDenker"]
[Black "vladislavkovalev"]
[Result "0-1"]
[WhiteElo "2577"]
[BlackElo "2884"]
[TimeControl "180+1"]
[EndTime "10:17:58 PDT"]
[Termination "vladislavkovalev won by resignation"]

1. Nf3 Nf6 2. g3 g6 3. Bg2 Bg7 4. O-O d6 5. c4 O-O 6. Nc3 Nc6 7.
d3 e5 8. Rb1 Bf5 9. Nd2 Qd7 10.
b4 Bh3 11. b5 Bxg2 12. Kxg2 Ne7 13. a4 h5 14. h4 Ng4 15. Nf3 f5 16. Qc2 f4 17.
Ne4 Nf5 18. Kg1 Rae8 19. Qb3 Kh8 20. Bd2 Qe7 21. Qa3 Nd4 22. Nxd4 exd4 23. Rbe1 Be5 24. Kg2 Rf7 25. c5 d5 26. Ng5 Rf5 27.
Nf3 Ref8 28. Bb4 c6 29. bxc6 bxc6 30. Bd2 Qc7 31. Qb4 fxg3 32. fxg3 Bxg3 33. Qxd4+ Kg8 34. Rb1 Bxh4 35. Rh1 Qg3+ 36. Kf1 Rxf3+ 37. exf3 Qxf3+ 0-1

[Event "*** SCC Grand Prix: Titled Tuesday Blitz"]
[Site "Chess.com"]
[Date "2020.08.11"]
[Round "2"]
[White "OK97"]
[Black "Iskusnyh"]
[Result "1-0"]
[WhiteElo "2870"]
[BlackElo "2569"]
[TimeControl "180+1"]
[EndTime "10:17:58 PDT"]
[Termination "OK97 won by resignation"]

1. Nf3 d5 2. g3 Nf6 3. Bg2 c6 4. O-O Bf5 5. c4 e6 6. cxd5 exd5 7. d3 Be7 8. Qb3 Qb6 9. Qc2 O-O 10. Nc3 Na6 11. a3 Nc5 12. Be3 Qd8 13. Nh4 Be6 14. Bd4 Ncd7 15. b4 Rc8 16. e4 dxe4 17. dxe4 c5 18. bxc5 Bxc5 19. Bxc5 Rxc5 20. Rac1 Qa5 21. Qb2 Rfc8 22. Ne2 b6 23. Rxc5 Nxc5 24. Nd4 Na4 25. Qa1 Qc3 26. Nxe6 Qxa1 27. Rxa1 fxe6 28. e5 Nd5 29.
Nf5 Kf7 30. Nd6+ 1-0

[Event "*** SCC Grand Prix: Titled Tuesday Blitz"]
[Site "Chess.com"]
[Date "2020.08.11"]
[Round "2"]
[White "Sesleria"]
[Black "Nastya_Rakhmangulova"]
[Result "1-0"]
[WhiteElo "1962"]
[BlackElo "2334"]
[TimeControl "180+1"]
[EndTime "10:17:58 PDT"]
[Termination "Sesleria won by resignation"]

1. e4 d5 2. exd5 Qxd5 3. Nc3 Qd6 4. d4 Nf6 5. Nf3 Bg4 6. h3 Bh5 7. g4 Bg6 8. Bg2 Nc6 9. O-O O-O-O 10. Nb5 Qd7 11. c4 a6 12. Qa4 Kb8 13. Ne5 Nxe5 14. dxe5 Ne4 15. Be3 e6 16. Rfd1 Qc8 17. Rxd8 Qxd8 18.
Rd1 Qc8 19. Rd4 axb5 20. cxb5 Nc5 21. Qd1 Be7 22. b4 h5 23. bxc5 Bxc5 24. Rc4 Bxe3 25.
fxe3 hxg4 26. b6 c6 27. Qd6+ 1-0

[Event "*** SCC Grand Prix: Titled Tuesday Blitz"]
[Site "Chess.com"]
[Date "2020.08.11"]
[Round "2"]
[White "mohssenbinaddi"]
[Black "pandamaster3000"]
[Result "1/2-1/2"]
[WhiteElo "2191"]
[BlackElo "2409"]
[TimeControl "180+1"]
[EndTime "10:17:59 PDT"]
[Termination "Game drawn by agreement"]

1. Nf3 Nf6 2. g3 g6 3. Bg2 Bg7 4. O-O O-O 5. c4 d6 6. Nc3 Nc6 7. d4 a6 8. b3 Rb8 9. Nd5 e6 10.
Nxf6+ Bxf6 11. Bh6 Re8 12. Rc1 e5 13. dxe5 Nxe5 14.
Nxe5 dxe5 15. Qxd8 Rxd8 16. Rfd1 Rxd1+ 17. Rxd1 c6 18. Rd6 Be6 19. h4 Be7 20. Rd1 f6 21. f4 Bc5+ 22. Kh2 Bd4 23. fxe5 Bxe5 24. Bf4 Kf7 25.
Bxe5 fxe5 26. Bh3 a5 27. Rd6 Bxh3 28. Kxh3 Ke7 29. Rd3 b6 30. Kg4 Ke6 31. Kg5 Rf8 32.
Kh6 1/2-1/2

[Event "*** SCC Grand Prix: Titled Tuesday Blitz"]
[Site "Chess.com"]
[Date "2020.08.11"]
[Round "2"]
[White "Region_07"]
[Black "HouseOfDurin"]
[Result "1-0"]
[WhiteElo "2378"]
[BlackElo "2079"]
[TimeControl "180+1"]
[EndTime "10:17:59 PDT"]
[Termination "Region_07 won on time"]

1. d4 Nf6 2. Bg5 Ne4 3. h4 d5 4. e3 c6 5. Bd3 Bf5 6. g4 Be6 7.
Bf4 Qd7 8. f3 Nd6 9. Nd2 g6 10.
Nh3 h5 11. Ng5 hxg4 12. Nxe6 Qxe6 13. fxg4 g5 14. Bxg5 Bh6 15. Bxh6 Rxh6 16. Qe2 Ne4 17. Nxe4 dxe4 18. Bc4 Qf6 19. g5 Qxg5 20. hxg5 Rxh1+ 21.
Kd2 Rxa1 22. Qf2 e6 23. g6 fxg6 24. Bxe6 Kd8 25. Qf7 Rh1 26. Qxb7 Rh2+ 27. Kc3 Rh5 28. Qxa8 Rb5 29. Qxa7 1-0

[Event "*** SCC Grand Prix: Titled Tuesday Blitz"]
[Site "Chess.com"]
[Date "2020.08.11"]
[Round "2"]
[White "chess94cu"]
[Black "GMBenjaminBok"]
[Result "0-1"]
[WhiteElo "2585"]
[BlackElo "2908"]
[TimeControl "180+1"]
[EndTime "10:18:01 PDT"]
[Termination "GMBenjaminBok won by resignation"]

1. d4 Nf6 2. c4 e6 3. Nf3 d5 4. Nc3 c6 5. e3 Nbd7 6. Qc2 Bd6 7. b3 O-O 8. Be2 b6 9. O-O Bb7 10. Bb2 Qe7 11. e4 dxe4 12. Nxe4 Nxe4 13. Qxe4 Nf6 14. Qh4 c5 15. Rad1 Rad8 16. Rfe1 cxd4 17. Rxd4 Bb4 18. Red1 Bc5 19. Rf4 Bxf3 20. Bxf3 e5 21. Rf5 Rxd1+ 22.
Bxd1 Qd7 23. Bg4 Qd2 24. Rxe5 Qxb2 0-1

[Event "*** SCC Grand Prix: Titled Tuesday Blitz"]
[Site "Chess.com"]
[Date "2020.08.11"]
[Round "2"]
[White "TST2014"]
[Black "1stSecond"]
[Result "0-1"]
[WhiteElo "2513"]
[BlackElo "2785"]
[TimeControl "180+1"]
[EndTime "10:18:01 PDT"]
[Termination "1stSecond won on time"]

1. d4 d5 2. c4 e6 3. Nf3 a6 4. e3 Nf6 5. Nc3 Be7 6. Be2 dxc4 7.
a4 c5 8. O-O Nc6 9. Bxc4 O-O 10.
Qe2 cxd4 11. Rd1 e5 12. exd4 exd4 13. Be3 Bg4 14. h3 Bxf3 15. Qxf3 Qb6 16. a5 Qc5 17.
Na4 Qxc4 18. Nb6 Qb5 19. Nxa8 dxe3 20. Nc7 exf2+ 21. Qxf2 Qe5 22. Nxa6 bxa6 23. Kh1 Ne4 24. Qe1 Ng3+ 25. Kh2 Nf1+ 26. Kg1 Bc5+ 27. Kxf1 Qf5+ 28. Ke2 Re8+ 29. Kd2 Bb4+ 30. Kc1 Bxe1 0-1

[Event "*** SCC Grand Prix: Titled Tuesday Blitz"]
[Site "Chess.com"]
[Date "2020.08.11"]
[Round "2"]
[White "M1711"]
[Black "hongnhung1234"]
[Result "1-0"]
[WhiteElo "2449"]
[BlackElo "2235"]
[TimeControl "180+1"]
[EndTime "10:18:02 PDT"]
[Termination "M1711 won by checkmate"]

1. e4 c5 2. Nf3 e6 3. d4 cxd4 4. Bg5 f6 5. Bc1 e5 6. c3 d5 7. exd5 Qxd5 8. cxd4 Nc6 9. Nc3 Bb4 10. Bd2 Bxc3 11.
Bxc3 exd4 12. Nxd4 Nge7 13. Nxc6 Qxc6 14. Qh5+ g6 15. Qh4 O-O 16. O-O-O Bf5 17. Bc4+ Kg7 18. Rhe1 Ng8 19. g4 Qxc4 20. Rd4 Qxd4 21. Bxd4 Rac8+ 22. Bc3 Bd3 23. g5 b5 24. gxf6+ Nxf6 25. Re7+ Kg8 26.
Kd2 Rcd8 27. Bxf6 g5 28. Rg7+ Kh8 29. Rf7+ Kg8 30. Rxf8+ Kxf8 31. Qh6+ Kf7 32. Qg7+ Ke6 33. Qe7+ Kf5 34. Qe5+ Kg6 35. Qxg5+ Kf7 36. Qg7+ Ke6 37. Qe7+ Kf5 38. Qxd8 Bc4 39. b3 Be6 40. Qd4 Kg6 41.
f4 Bf5 42. Qe5 Bg4 43. Qg5+ Kf7 44. f5 h5 45. Qg7+ Ke8 46. Qe7# 1-0

[Event "*** SCC Grand Prix: Titled Tuesday Blitz"]
[Site "Chess.com"]
[Date "2020.08.11"]
[Round "2"]
[White "Aleksey_Sorokin"]
[Black "Ati1517"]
[Result "1-0"]
[WhiteElo "2797"]
[BlackElo "2416"]
[TimeControl "180+1"]
[EndTime "10:18:03 PDT"]
[Termination "Aleksey_Sorokin won by checkmate"]

1. d4 d5 2. c4 e6 3. Nf3 Nf6 4. g3 Bb4+ 5. Bd2 Bxd2+ 6. Qxd2 Nbd7 7. Bg2 O-O 8. O-O c5 9. cxd5 exd5 10. Nc3 c4 11.
Ne5 Nb6 12. b3 cxb3 13. axb3 Ng4 14. Nd3 Re8 15. Rfc1 a6 16. Qf4 g5 17. Qd2 h5 18.
Nb4 Be6 19. e4 h4 20. Nbxd5 Nxd5 21. exd5 Bd7 22. Ne4 f6 23. Re1 hxg3 24. fxg3 Qb6 25. h3 Nh6 26. d6 Kg7 27. Nxg5 fxg5 28. Qxg5+ Kh7 29. Re7+ Rxe7 30. Qxe7+ Kh8 31. Qf6+ Kh7 32. Be4+ Kg8 33. Qg6+ Kf8 34. Qxh6+ Ke8 35. Qf6 Qd8 36. Bg6# 1-0

[Event "*** SCC Grand Prix: Titled Tuesday Blitz"]
[Site "Chess.com"]
[Date "2020.08.11"]
[Round "2"]
[White "ENajer77"]
[Black "dosto07"]
[Result "1-0"]
[WhiteElo "2628"]
[BlackElo "2301"]
[TimeControl "180+1"]
[EndTime "10:18:03 PDT"]
[Termination "ENajer77 won by resignation"]

1. e4 e5 2. Nf3 Nc6 3. Bb5 a6 4. Ba4 Nf6 5. O-O Be7 6. Re1 b5 7. Bb3 d6 8. c3 O-O 9. h3 Nb8 10. d4 Nbd7 11. Nbd2 Bb7 12. Bc2 Re8 13. Nf1 Bf8 14.
Ng3 g6 15. Bg5 Bg7 16. Qd2 Qe7 17. a4 c5 18. d5 c4 19. Nh4 Qf8 20. Ngf5 gxf5 21.
Nxf5 Nc5 22. Re3 Kh8 23. Rae1 Nh5 24. Qd1 Nf4 25. Rg3 Ncd3 26. Nxg7 f6 27. Bh6 Nxe1 28. Nf5 Ng6 29. Bxf8 Rxf8 30. Qxe1 Bc8 31. Nxd6 Bd7 32. Qe3 Rab8 33. Qh6 bxa4 34. Rxg6 1-0

[Event "*** SCC Grand Prix: Titled Tuesday Blitz"]
[Site "Chess.com"]
[Date "2020.08.11"]
[Round "2"]
[White "QueenOfTactics90"]
[Black "korkmaz16"]
[Result "0-1"]
[WhiteElo "1942"]
[BlackElo "2350"]
[TimeControl "180+1"]
[EndTime "10:18:03 PDT"]
[Termination "korkmaz16 won on time"]

1. e4 e6 2. Qe2 c5 3. Nf3 Nc6 4.
g3 Nf6 5. Bg2 Be7 6. O-O d5 7. e5 Nd7 8. d3 O-O 9. h4 f6 10. exf6 Nxf6 11. Bh3 e5 12. Bxc8 Rxc8 13. Nxe5 Nd4 14. Qd1 Bd6 15. Bf4 Qc7 16. c3 Bxe5 17. Bxe5 Qxe5 18. cxd4 Qxd4 19. Nc3 Ng4 20. Qd2 Rf3 21.
Kg2 Rxd3 22. Qg5 Rf8 0-1

[Event "*** SCC Grand Prix: Titled Tuesday Blitz"]
[Site "Chess.com"]
[Date "2020.08.11"]
[Round "2"]
[White "eljanov"]
[Black "szachuspl"]
[Result "1-0"]
[WhiteElo "2817"]
[BlackElo "2533"]
[TimeControl "180+1"]
[EndTime "10:18:04 PDT"]
[Termination "eljanov won by resignation"]

1. e4 c5 2. Nf3 e6 3. d4 cxd4 4. Nxd4 Nc6 5. Nc3 d6 6. Be3 Nf6 7. f4 Qc7 8. Ndb5 Qb8 9. Qf3 Be7 10. O-O-O O-O 11. h3 a6 12. Nd4 Qc7 13. g4 Nxd4 14. Bxd4 b5 15. g5 Nd7 16. h4 Bb7 17. a3 Rfe8 18.
h5 e5 19. Be3 exf4 20. Bxf4 Ne5 21. Qg3 Bf8 22. g6 fxg6 23. hxg6 h6 24. Bh3 Rad8 25.
Nd5 Bxd5 26. exd5 Qc4 27. Be6+ Kh8 28. Bxe5 dxe5 29. Qxe5 1-0

[Event "*** SCC Grand Prix: Titled Tuesday Blitz"]
[Site "Chess.com"]
[Date "2020.08.11"]
[Round "2"]
[White "Virgo15"]
[Black "mortngabriel"]
[Result "1-0"]
[WhiteElo "2681"]
[BlackElo "2454"]
[TimeControl "180+1"]
[EndTime "10:18:05 PDT"]
[Termination "Virgo15 won by resignation"]

1. d4 Nf6 2. c4 e6 3. Nc3 Bb4 4.
Qc2 O-O 5. e4 d5 6. e5 Ne4 7. a3 Bxc3+ 8. bxc3 c5 9. Bb2 cxd4 10.
cxd4 Qa5+ 11. Ke2 f6 12. f3 Ng5 13. h4 Nf7 14. exf6 gxf6 15. Kf2 Nc6 16. Bd3 Kg7 17. Ne2 dxc4 18. Bxc4 Nd6 19. Bd3 Bd7 20. h5 Rac8 21.
h6+ Kh8 22. Qc5 Qd2 23. Qxd6 Rf7 24. d5 Qxd3 25. Rad1 Qf5 26. dxc6 Bxc6 27. Qf4 Qg6 28. Rh3 e5 29. Qg4 Qc2 30. Qxc8+ 1-0

[Event "*** SCC Grand Prix: Titled Tuesday Blitz"]
[Site "Chess.com"]
[Date "2020.08.11"]
[Round "2"]
[White "YoreDea"]
[Black "Bastiandash"]
[Result "1-0"]
[WhiteElo "2627"]
[BlackElo "2300"]
[TimeControl "180+1"]
[EndTime "10:18:05 PDT"]
[Termination "YoreDea won on time"]

1. e4 c5 2. Be2 Nc6 3. f4 g6 4. Nf3 Bg7 5. d3 d6 6. c3 e6 7. Be3 Nge7 8. O-O O-O 9. Nbd2 Rb8 10. Qe1 b5 11. d4 b4 12. Kh1 a5 13. dxc5 bxc3 14. bxc3 Bxc3 15. Rc1 Bb4 16. cxd6 Bxd6 17. e5 Bb4 18. Rd1 Nd5 19. Bg1 Nxf4 20. Bc4 Nd5 21. Qg3 Qe7 22. Ne4 f5 23. exf6 Nxf6 24. Neg5 Bb7 25.
Nxe6 Rf7 26. Nfg5 Rbf8 27. Nxf7 Rxf7 28. Ng5 Ne5 29. Bxf7+ Nxf7 30. Nxf7 Qxf7 31. Rxf6 Qxf6 32. Qb8+ 1-0

[Event "*** SCC Grand Prix: Titled Tuesday Blitz"]
[Site "Chess.com"]
[Date "2020.08.11"]
[Round "2"]
[White "korbul"]
[Black "Onischuk_V"]
[Result "0-1"]
[WhiteElo "2586"]
[BlackElo "2912"]
[TimeControl "180+1"]
[EndTime "10:18:06 PDT"]
[Termination "Onischuk_V won by resignation"]

1. e4 d6 2. d4 g6 3. Nc3 Bg7 4. Bg5 h6 5. Bh4 Nf6 6. f3 O-O 7. Bc4 c6 8. a4 d5 9. Bb3 dxe4 10.
fxe4 c5 11. Nf3 cxd4 12. Nxd4 Ng4 13. Nf3 g5 14. Bg3 Nc6 15. Nd5 Nge5 16. O-O e6 17. Nc3 a6 18. Kh1 Qe7 19. Qe2 Bd7 20. h3 Rfd8 21.
Rad1 Be8 22. Nxe5 Nxe5 23. Qe3 Bc6 24. Ne2 Rxd1 25. Rxd1 Rd8 26. Rxd8+ Qxd8 27. Nd4 Be8 28. c3 Qb6 29. Qe2 Nc6 30. Nxc6 Qxb3 31. Ne5 Bxa4 32.
Ng4 Qd1+ 33. Qxd1 Bxd1 34. Ne3 Be2 35. e5 Bf8 36. Kg1 Bc5 37. Kf2 Bh5 38. Ke1 Bxe3 0-1

[Event "*** SCC Grand Prix: Titled Tuesday Blitz"]
[Site "Chess.com"]
[Date "2020.08.11"]
[Round "2"]
[White "crescentmoon2411"]
[Black "BursaBBSatranc"]
[Result "1-0"]
[WhiteElo "2768"]
[BlackElo "2509"]
[TimeControl "180+1"]
[EndTime "10:18:06 PDT"]
[Termination "crescentmoon2411 won by resignation"]

1. c4 c6 2. Nc3 d5 3. d4 Nf6 4. cxd5 cxd5 5. Bf4 Nc6 6. e3 a6 7. Bd3 e6 8. Nf3 Bd6 9. O-O O-O 10. Bg5 h6 11.
Bh4 Bd7 12. Rc1 Rc8 13. h3 b5 14. Bb1 Be7 15. Ne5 Nxe5 16. dxe5 Nh7 17. Bxe7 Qxe7 18. Ne2 Ng5 19. Qd3 g6 20. Qd2 Kg7 21. f4 Ne4 22. Bxe4 dxe4 23. Nd4 Rfd8 24. Qa5 Be8 25. Rxc8 Rxc8 26.
Qxa6 Qd8 27. Rd1 Ra8 28. Nxe6+ fxe6 29. Qb7+ 1-0

[Event "*** SCC Grand Prix: Titled Tuesday Blitz"]
[Site "Chess.com"]
[Date "2020.08.11"]
[Round "2"]
[White "Brave_spirit12"]
[Black "Grandelicious"]
[Result "0-1"]
[WhiteElo "2505"]
[BlackElo "2764"]
[TimeControl "180+1"]
[EndTime "10:18:06 PDT"]
[Termination "Grandelicious won by checkmate"]

1. e4 c6 2. Nc3 d5 3. Nf3 Bg4 4.
h3 Bh5 5. exd5 cxd5 6. Bb5+ Nc6 7. g4 Bg6 8. Ne5 Rc8 9. Qe2 Qd6 10. d4 f6 11. Nxg6 hxg6 12. Be3 e6 13. O-O-O a6 14.
Bd3 Kf7 15. h4 Nb4 16. h5 Nxd3+ 17. Qxd3 Ne7 18. Ne2 gxh5 19. gxh5 Qc6 20. Nf4 Qc4 21. Ng6 Rh7 22. Ne5+ fxe5 23. Qxh7 e4 24. c3 Qxa2 25. h6 Nf5 26. hxg7 Rxc3+ 27. Kd2 Qxb2+ 28. Ke1 Rxe3+ 29. Kf1 Qe2+ 30. Kg1 Qg4+ 31. Kh2 Bd6+ 32. f4 Qg3# 0-1

[Event "*** SCC Grand Prix: Titled Tuesday Blitz"]
[Site "Chess.com"]
[Date "2020.08.11"]
[Round "2"]
[White "amintabatabaei"]
[Black "Arman_Hakemi"]
[Result "1-0"]
[WhiteElo "3032"]
[BlackElo "2603"]
[TimeControl "180+1"]
[EndTime "10:18:07 PDT"]
[Termination "amintabatabaei won by resignation"]

1. e4 c6 2. d4 d5 3. exd5 cxd5 4. Bd3 Nc6 5. c3 Qc7 6. Na3 a6 7. Nc2 g6 8. h3 Bf5 9. Bxf5 gxf5 10. Nf3 e6 11.
Bg5 Be7 12. Qe2 Bxg5 13. Nxg5 Nf6 14. Nf3 Rg8 15. g3 Ne4 16. O-O-O O-O-O 17. Kb1 Qb6 18. Ka1 Kb8 19. Nd2 Na5 20. Ne3 Rc8 21. Nxe4 fxe4 22.
g4 Qc6 23. f3 exf3 24. Qxf3 Rc7 25. Rhf1 Rgc8 26. Rc1 Qa4 27. Kb1 Qb5 28. Ka1 Qa4 29. Qd1 Qb5 30. Rf2 Nc6 31. Rcc2 Qb6 32. Qf1 Nd8 33.
g5 Qd6 34. Ng4 Rc4 35. Ne5 R8c7 36. Nxc4 Rxc4 37. Rf6 Nc6 38. Qf4 Qxf4 39. Rxf4 Nb4 40.
Rd2 1-0

[Event "*** SCC Grand Prix: Titled Tuesday Blitz"]
[Site "Chess.com"]
[Date "2020.08.11"]
[Round "2"]
[White "swimmerchess"]
[Black "Alberquintin"]
[Result "1-0"]
[WhiteElo "2828"]
[BlackElo "2541"]
[TimeControl "180+1"]
[EndTime "10:18:07 PDT"]
[Termination "swimmerchess won by resignation"]

1. e4 e5 2. Nf3 Nc6 3. Bb5 a6 4. Ba4 Nge7 5. c3 d6 6. d4 Bd7 7. O-O Ng6 8. Be3 Be7 9. Nbd2 O-O 10. Re1 Re8 11. Nf1 Bf8 12. Ng3 Nge7 13. Bc2 g6 14. Qd2 Bg7 15. h3 exd4 16. cxd4 d5 17. e5 Qc8 18. Bh6 Nf5 19. Bxg7 Kxg7 20. Bxf5 Bxf5 21. Nh4 Be6 22. f4 Bxh3 23. gxh3 Qxh3 24. Qh2 Qxh2+ 25. Kxh2 Nxd4 26. Rad1 c5 27. b4 b6 28. Rf1 a5 29.
bxc5 bxc5 30. Nf3 Nxf3+ 31. Rxf3 d4 32. Ne4 Rec8 33. Nf6 Rab8 34. Rh3 h5 35. Rg1 Rb2+ 36. Kh1 Kf8 37. f5 c4 38. fxg6 fxg6 39. Rf3 Ke7 40.
Rxg6 c3 41. Nd5+ Ke8 42. e6 1-0

[Event "*** SCC Grand Prix: Titled Tuesday Blitz"]
[Site "Chess.com"]
[Date "2020.08.11"]
[Round "2"]
[White "ferch1ni"]
[Black "Chess_Boxer123"]
[Result "0-1"]
[WhiteElo "2276"]
[BlackElo "2558"]
[TimeControl "180+1"]
[EndTime "10:18:07 PDT"]
[Termination "Chess_Boxer123 won by resignation"]

1. e4 c6 2. Nf3 d5 3. Nc3 Bg4 4. exd5 cxd5 5. Be2 Nc6 6. O-O Nf6 7. d3 e6 8. h3 Bh5 9. Bf4 Bd6 10. Qd2 O-O 11. Rae1 Qc7 12. Bxd6 Qxd6 13. Nh2 Bg6 14. f4 d4 15. Nd1 Nd5 16. g4 f5 17. g5 e5 18.
fxe5 Nxe5 19. h4 f4 20. Bf3 Ne3 21. Nxe3 fxe3 22. Qg2 Nxf3+ 23. Rxf3 Bh5 24. Qg3 Qb4 25.
Rxf8+ Rxf8 26. Rf1 Rxf1+ 27. Nxf1 e2 28. Qb8+ Qf8 29. Qxf8+ Kxf8 30. Kf2 exf1=Q+ 31. Kxf1 Bd1 32. c3 Bc2 33. Ke2 Bb1 34. a4 Bc2 35. a5 Ke7 36.
Kd2 Bb3 37. cxd4 Kd6 38. Kc3 Bd5 39. Kb4 b6 40. axb6 axb6 41. Kb5 Kc7 42. b4 Kb7 43. h5 g6 44. hxg6 hxg6 45. Ka4 Ka6 46. b5+ Kb7 47. Kb4 Kc7 48. Kc3 Kd6 49. Kd2 Ke6 50.
Ke3 Kf5 51. Kd2 Kxg5 52. Ke3 Kf5 53. Kf2 Kf4 54. Ke2 Kg3 55. Ke3 g5 56. Ke2 Kf4 57.
Kf2 g4 58. Ke2 g3 59. Kf1 g2+ 60. Kf2 Kg4 61. Kg1 Kf5 62. Kf2 Kf4 0-1

[Event "*** SCC Grand Prix: Titled Tuesday Blitz"]
[Site "Chess.com"]
[Date "2020.08.11"]
[Round "2"]
[White "novocane"]
[Black "maxip32"]
[Result "0-1"]
[WhiteElo "2265"]
[BlackElo "2480"]
[TimeControl "180+1"]
[EndTime "10:18:07 PDT"]
[Termination "maxip32 won by resignation"]

1. d4 Nf6 2. c4 g6 3. Nc3 Bg7 4. e4 d6 5. f3 O-O 6. Bg5 Nc6 7. Nge2 a6 8. Qd2 Na5 9. Ng3 c5 10. d5 Nd7 11. Be2 b5 12. cxb5 axb5 13. Bxb5 Nb3 14. Qd1 Nxa1 15. Qxa1 h6 16. Bd2 Ba6 17. Bxa6 Rxa6 18.
O-O Qb6 19. Qc1 Kh7 20. f4 Rb8 21. b3 c4+ 22. Kh1 cxb3 23. axb3 Qxb3 24. e5 Rc8 25. Qe1 dxe5 26. f5 Nf6 27. fxg6+ fxg6 28. Qxe5 Nxd5 29.
Qxd5 Rxc3 30. Qf7 Qxf7 0-1

[Event "*** SCC Grand Prix: Titled Tuesday Blitz"]
[Site "Chess.com"]
[Date "2020.08.11"]
[Round "2"]
[White "pirulillo"]
[Black "Oligan22"]
[Result "0-1"]
[WhiteElo "2238"]
[BlackElo "2452"]
[TimeControl "180+1"]
[EndTime "10:18:07 PDT"]
[Termination "Oligan22 won by checkmate"]

1. e4 e5 2. Bc4 Nf6 3. d3 Bc5 4.
Nc3 d6 5. Na4 Bb4+ 6. c3 Ba5 7. b4 Bb6 8. Nxb6 axb6 9. Nf3 Be6 10. Bb3 Nbd7 11. O-O O-O 12. Re1 b5 13. d4 exd4 14.
cxd4 Re8 15. d5 Bg4 16. Bc2 Ne5 17. Bb2 Bxf3 18. gxf3 Nh5 19. Kh1 Qf6 20. Rg1 g6 21. Bxe5 Rxe5 22. Bd3 Nf4 23. Bf1 Rh5 24. Rg3 Ra3 25.
Qc1 Rc3 26. Qd2 Ra3 27. Qc1 Rh4 28. Qxa3 Nh5 29. Qc1 Nxg3+ 30. fxg3 Rh5 31. Qe3 Qxa1 32. Kg1 Qxa2 33. g4 Qxh2# 0-1

[Event "*** SCC Grand Prix: Titled Tuesday Blitz"]
[Site "Chess.com"]
[Date "2020.08.11"]
[Round "2"]
[White "WiktoriaPOL"]
[Black "DinaBelenkaya"]
[Result "0-1"]
[WhiteElo "1859"]
[BlackElo "2347"]
[TimeControl "180+1"]
[EndTime "10:18:07 PDT"]
[Termination "DinaBelenkaya won on time"]

1. c4 e5 2. Nc3 Bc5 3. Nf3 Nc6 4. e3 a6 5. d4 exd4 6. exd4 Ba7 7. Be3 Nf6 8. Bd3 d6 9. O-O O-O 10. Qd2 Bg4 11. Be2 Re8 12. h3 Bh5 13. Rad1 Qd7 14. Rfe1 Re7 15. Bg5 Bxf3 16. Bxf3 Rxe1+ 17. Rxe1 Nxd4 18. Bxb7 Rb8 19. Bxf6 gxf6 20. Be4 Kh8 21. Qh6 Nf5 22.
Qxf6+ Ng7 23. Qh6 f5 24. Bd3 Rxb2 25. Nd5 Bxf2+ 0-1

[Event "*** SCC Grand Prix: Titled Tuesday Blitz"]
[Site "Chess.com"]
[Date "2020.08.11"]
[Round "2"]
[White "TudorAnton"]
[Black "GadimbayliA"]
[Result "0-1"]
[WhiteElo "2565"]
[BlackElo "2855"]
[TimeControl "180+1"]
[EndTime "10:18:08 PDT"]
[Termination "GadimbayliA won by resignation"]

1. d4 Nf6 2. c4 e5 3. dxe5 Ng4 4. Bf4 Nc6 5. Nf3 Bb4+ 6. Nc3 Qe7 7. Qd5 f6 8. exf6 Nxf6 9. Qd3 d6 10. e3 Ne4 11.
Be2 Bf5 12. Nd4 Bg6 13. Nxc6 bxc6 14. Qd4 c5 15. Qd5 Rb8 16. Qc6+ Qd7 17. Qxd7+ Kxd7 18. O-O Nxc3 19. bxc3 Bxc3 20. Rac1 Bb2 21. Bg4+ Ke7 22. Rcd1 Bf6 23. Rd2 Rb4 24. Rc1 Rhb8 25. Kf1 Rb2 26. Rcd1 Rxd2 27. Rxd2 Rb4 28. Be2 Bf7 29. e4 Bxc4 30.
Bxc4 Rxc4 31. f3 Rb4 32. Ke2 c4 33. Rc2 c3 34. Be3 c5 35. g4 g6 36. h4 Kd7 37.
h5 gxh5 38. g5 Bg7 39. Kd3 Rb2 40. f4 c4+ 0-1

[Event "*** SCC Grand Prix: Titled Tuesday Blitz"]
[Site "Chess.com"]
[Date "2020.08.11"]
[Round "2"]
[White "Zhani-Z"]
[Black "Mbneu"]
[Result "1-0"]
[WhiteElo "2438"]
[BlackElo "2220"]
[TimeControl "180+1"]
[EndTime "10:18:08 PDT"]
[Termination "Zhani-Z won by resignation"]

1. e4 c5 2. Nf3 Nf6 3. Nc3 d5 4.
exd5 Nxd5 5. Bb5+ Bd7 6. Ne5 Nf6 7. Qf3 Qc8 8. a4 a6 9. Bxd7+ Nbxd7 10. Nc4 e6 11. d3 Be7 12. a5 O-O 13. O-O Qc7 14. Bf4 e5 15. Bg3 Rfe8 16. Rfe1 Bf8 17. Re2 Rad8 18. Rae1 h6 19. Bxe5 Nxe5 20. Rxe5 Rxe5 21. Rxe5 Bd6 22. Rf5 Bxh2+ 23. Kh1 Re8 24. g3 Bxg3 25. Qxg3 Qc6+ 26. Qf3 Qe6 27. Re5 Qd7 28. Rxe8+ Qxe8 29.
Qxb7 Qe1+ 30. Kg2 Qc1 31. Ne4 Nh5 32. Qc8+ Kh7 33. Qf5+ g6 34. Qxf7+ Ng7 35. Nf6+ 1-0

[Event "*** SCC Grand Prix: Titled Tuesday Blitz"]
[Site "Chess.com"]
[Date "2020.08.11"]
[Round "2"]
[White "bsnsun"]
[Black "rugbyclub"]
[Result "1/2-1/2"]
[WhiteElo "2398"]
[BlackElo "2178"]
[TimeControl "180+1"]
[EndTime "10:18:08 PDT"]
[Termination "Game drawn by repetition"]

1. d4 Nf6 2. c4 e6 3. Nf3 d5 4. g3 dxc4 5. Bg2 Bb4+ 6. Bd2 a5 7. a3 Bxd2+ 8. Nbxd2 b5 9. Ne5 Nd5 10. e4 Nf6 11. Ndf3 Bb7 12. Ng5 O-O 13. O-O h6 14.
Ngxf7 Rxf7 15. Nxf7 Kxf7 16. Qe2 Qxd4 17. Rad1 Qc5 18. Rd8 Nbd7 19. Rxa8 Bxa8 20. Rd1 Ne5 21. Rd8 Bc6 22. h3 Qe7 23. Rb8 Qd6 24. f4 Qd4+ 25. Kh2 Nd3 26. e5 Bxg2 27. exf6 Be4 28. fxg7 Kxg7 29. Qg4+ Bg6 30. Qxe6 Qf2+ 31. Kh1 Qf3+ 32.
Kh2 Qf2+ 33. Kh1 Qf3+ 34. Kh2 Qf2+ 1/2-1/2